 Dungeon Crawl Stone Soup version 0.23.1-37-gaa34b87b72 (webtiles) character file.

Game seed: 14894752985002649416

4613 Peloso the Carver (level 10, -7/86 HPs)
             Began as a Minotaur Fighter on Mar 27, 2019.
             Was a Priest of Okawaru.
             Mangled by a large abomination (28 damage)
             ... on level 2 of the Abyss.
             The game lasted 00:15:49 (7775 turns).

Peloso the Carver (Minotaur Fighter)                Turns: 7775, Time: 00:15:50

Health: -7/86      AC: 25    Str: 22    XL:     10   Next: 19%
Magic:  7/9        EV: 12    Int:  5    God:    Okawaru [***...]
Gold:   472        SH: 14    Dex: 15    Spells: 9/9 levels left

rFire    . . .     SeeInvis .   a - +1 long sword
rCold    . . .     Gourm    +   c - +0 shield
rNeg     . . .     Faith    .   C - +0 plate armour
rPois    .         Spirit   .   (helmet restricted)
rElec    .         Reflect  .   w - +2 cloak
rCorr    .         Harm     .   E - +0 pair of fencer's gloves {Riposte Dex+3}
MR       .....                  k - +0 pair of boots
Stlth    ..........             u - amulet of the gourmand
HPRegen  0.24/turn              o - +3 ring of protection
MPRegen  0.11/turn              (no ring)

@: heroism, very slightly contaminated
A: retaliatory headbutt, horns 2
a: Heroism, Renounce Religion


You were on level 2 of the Abyss.
You worshipped Okawaru.
Okawaru was most pleased with you.
You were very full.

You visited 2 branches of the dungeon, and saw 10 of its levels.
You visited the Abyss 1 time.

You collected 472 gold pieces.

Inventory:

Hand Weapons
 a - a +1 long sword (weapon)
 y - a +1 war axe of flaming
Armour
 b - a +0 scale mail
 c - a +0 shield (worn)
 k - a +0 pair of boots (worn)
 w - a +2 cloak (worn)
 A - a +0 chain mail
 B - a +0 pair of gloves
 C - a +0 plate armour (worn)
 E - the +0 pair of fencer's gloves (worn) {Riposte Dex+3}
   (You found it on level 8 of the Dungeon)

   It affects your dexterity (+3).
Jewellery
 o - a +3 ring of protection (left hand)
 p - an uncursed ring of stealth
 q - an uncursed ring of stealth
 u - an amulet of the gourmand (around neck)
 D - a +2 ring of evasion {unknown}
Scrolls
 e - 5 scrolls of remove curse
 i - 2 scrolls of enchant armour
 j - 5 scrolls of identify
 l - 2 scrolls of magic mapping
 r - a scroll of amnesia
 t - a scroll of random uselessness {unknown}
 v - a scroll of fear
 z - a scroll of enchant weapon {unknown}
Potions
 d - a potion of might
 h - 4 potions of agility
 m - 2 potions of magic
 n - a potion of flight
 s - 2 potions of ambrosia
 x - 4 potions of curing
Comestibles
 f - 13 rations


   Skills:
 + Level 7.0(12.0) Fighting
 + Level 11.3(16.3) Long Blades
 + Level 8.5(13.5) Armour
 + Level 3.6(8.6) Dodging
 + Level 0.9(5.9) Stealth
 + Level 9.5(14.5) Shields
 + Level 0.3 Invocations


You had 9 spell levels left.
You didn't know any spells.
Your spell library contained the following spells:

 Spells                   Type           Power        Failure   Level  Hunger
 Animate Skeleton         Necr           N/A          99%         1    ##.....
 Apportation              Tloc           #.....       99%         1    ##.....
 Confusing Touch          Hex            #.....       99%         1    ##.....
 Summon Small Mammal      Summ           #...         99%         1    ##.....
 Call Imp                 Summ           #.......     100%        2    ###....
 Call Canine Familiar     Summ           #.......     100%        3    ####...
 Summon Guardian Golem    Hex/Summ       #.......     100%        3    ####...
 Summon Ice Beast         Ice/Summ       #.......     100%        4    #####..
 Summon Lightning Spire   Summ/Air       #.......     100%        4    #####..


Dungeon Overview and Level Annotations

Branches:
Dungeon (9/15)             Temple (1/1) D:6            Lair (0/6) D:9
    Orc: D:9-12

Altars:
Ashenzari
Cheibriados
Dithmenos
Elyvilon
Fedhas
Gozag
Hepliaklqana
Kikubaaqudgha
Nemelex Xobeh
Okawaru
Qazlal
Ru
Sif Muna
Trog
Uskayaw
Vehumet
Wu Jian
Xom
Yredelemnul
Zin
The Shining One

Annotations:
D:6 1 runed translucent door, mpzz's ghost, novice SpEn
D:9 Erolcha


Innate Abilities, Weirdness & Mutations

You reflexively headbutt those who attack you in melee.
You have a pair of horns on your head.


Message History

You slash the earth elemental!
You destroy the earth elemental!
Okawaru accepts your kill.
You feel a little less mighty now.
You feel your health improve.
g - a scroll labeled JIZOEMIUTS A raiju comes into view.
The raiju barks!
As you read the scroll labeled ENTUUZEWNU, it crumbles to dust.
You feel momentarily disoriented.
It was a scroll of magic mapping.
Blink to where?
Press: ? - help, Dir - move target cursor You are very lightly contaminated with residual magic.
As you read the scroll labeled JIZOEMIUTS, it crumbles to dust.
It was a scroll of blinking.
An ice beast and a large abomination come into view.
You feel better.
You gain the combat prowess of a mighty hero.
The large abomination hits you!!
You die...

.# . .# ##. #..### ###
#..Y. # . #.###...#
#.##. . .
#.@#####...### #.§. #
#..#X.#..##..§#....##
.
#.#.#.#.........####.#
. . #..#..##...###.#..
..# #
..##.#..####.#...###
...#.#.#..##...####.#
#.. #.#. #####.# ...##
. #.. .####. #.. ..
..# . .. #..##...
........#h.


You could see a large abomination and an ice beast.

Vanquished Creatures
  A smoke demon (Abyss:2)
  2 trolls (D:9)
  An ancient zyme (Abyss:2)
  3 wargs (D:9)
  2 large abominations (Abyss:2)
  2 water moccasins (D:6)
  A black bear (D:7)
  An ice beast (D:8)
  An orc warrior (D:7)
  A necrophage (D:7)
  3 sky beasts
  A big kobold (D:7)
  3 bullfrogs (D:6)
  An earth elemental (Abyss:2)
  4 killer bees
  4 wights (D:7)
  3 howler monkeys
  3 crimson imps
  2 bullfrog zombies
  2 jellies
  A quasit (D:8)
  A hound (D:6)
  Crazy Yiuf (D:3)
  4 orc priests
  8 orc wizards
  A centaur skeleton (D:4)
  2 iguanas
  Natasha (thrice) (D:2)
  6 worker ants
  A killer bee zombie (D:7)
  A howler monkey zombie (D:7)
  4 gnolls (D:9)
  A howler monkey skeleton (D:4)
  10 adders
  2 shadow imps
  2 oozes (D:5)
  3 worms
  A dart slug (D:3)
  4 leopard geckos
  23 orcs
  4 ball pythons
  9 giant cockroaches
  2 gnoll zombies (D:4)
  5 hobgoblins
  4 jackals (D:2)
  10 kobolds
  6 quokkas
  7 bats
  7 frilled lizards
  6 goblins
  2 goblin skeletons (D:4)
  2 goblin zombies (D:4)
  A hobgoblin zombie (D:4)
  A jackal skeleton (D:4)
  A kobold zombie (D:4)
  3 orc zombies (D:4)
  A quokka skeleton (D:8)
  3 rats
  2 fungi (D:3)
196 creatures vanquished.

Notes
Turn   | Place    | Note
-------+----------+-------------------------------------------
     0 | D:1      | Peloso the Minotaur Fighter began the quest for the Orb.
     0 | D:1      | Reached XP level 1. HP: 19/19 MP: 0/0
   204 | D:1      | Reached XP level 2. HP: 9/27 MP: 1/1
  1013 | D:2      | Noticed Natasha
  1018 | D:2      | Killed Natasha
  1018 | D:2      | Reached XP level 3. HP: 21/33 MP: 2/2
  1035 | D:2      | Noticed Natasha
  1043 | D:2      | Killed Natasha
  1043 | D:2      | Reached skill level 3 in Long Blades
  1043 | D:2      | Reached XP level 4. HP: 3/40 MP: 3/3
  1327 | D:2      | Found a bloodstained altar of Trog.
  1662 | D:2      | Noticed Natasha
  1669 | D:2      | Killed Natasha
  1926 | D:2      | Reached skill level 4 in Long Blades
  1926 | D:2      | Reached XP level 5. HP: 47/47 MP: 4/4
  2193 | D:3      | Found a runed translucent door.
  2194 | D:3      | Noticed Crazy Yiuf
  2206 | D:3      | Killed Crazy Yiuf
  2206 | D:3      | Reached skill level 1 in Dodging
  2515 | D:3      | Found an ornate altar of the Wu Jian Council.
  2732 | D:3      | Found a deep blue altar of Sif Muna.
  3028 | D:4      | Reached XP level 6. HP: 41/53 MP: 5/5
  3030 | D:4      | Reached skill level 5 in Long Blades
  3032 | D:4      | Reached skill level 5 in Armour
  3077 | D:4      | Found a glowing golden altar of the Shining One.
  3092 | D:4      | Reached skill level 5 in Shields
  3481 | D:4      | Found a basalt altar of Yredelemnul.
  3602 | D:5      | Entered Level 5 of the Dungeon
  3646 | D:5      | Found a snail-covered altar of Cheibriados.
  3664 | D:5      | Reached XP level 7. HP: 59/60 MP: 6/6
  3754 | D:5      | Found an opulent altar of Gozag.
  3942 | D:5      | Reached skill level 6 in Long Blades
  3987 | D:5      | Found a shimmering altar of Xom.
  3990 | D:5      | Noticed an angel
  3999 | D:5      | Found a glowing silver altar of Zin.
  4388 | D:6      | Reached skill level 7 in Long Blades
  4619 | D:6      | Reached XP level 8. HP: 67/67 MP: 7/7
  4626 | D:6      | Reached skill level 5 in Fighting
  4681 | D:6      | Found a runed translucent door.
  4682 | D:6      | Noticed mpzz's ghost (novice SpEn)
  4847 | D:6      | Found a staircase to the Ecumenical Temple.
  4897 | Temple   | Entered the Ecumenical Temple
  4961 | Temple   | Became a worshipper of Warmaster Okawaru
  5018 | D:6      | Reached skill level 8 in Long Blades
  5536 | D:7      | Reached * piety under Okawaru
  5581 | D:7      | Reached skill level 9 in Long Blades
  5593 | D:7      | Reached XP level 9. HP: 74/74 MP: 8/8
  5841 | D:7      | Found a stormy altar of Qazlal.
  5841 | D:7      | Found a white marble altar of Elyvilon.
  5846 | D:7      | Found a sparkling altar of Nemelex Xobeh.
  5848 | D:7      | Found a faded altar of an unknown god.
  5849 | D:7      | Found a hide-covered altar of Uskayaw.
  6359 | D:8      | Found the +0 pair of fencer's gloves {Riposte Dex+3}
  6518 | D:8      | Reached skill level 10 in Long Blades
  6779 | D:9      | Noticed a troll
  6796 | D:9      | Killed a troll
  6796 | D:9      | Reached ** piety under Okawaru
  7021 | D:9      | Found a staircase to the Lair.
  7021 | D:9      | Noticed a troll
  7080 | D:9      | Killed a troll
  7422 | D:9      | Noticed Erolcha
  7431 | D:9      | Cast into level 2 of the Abyss (Erolcha)
  7667 | Abyss:2  | Noticed a smoke demon
  7676 | Abyss:2  | Killed a smoke demon
  7676 | Abyss:2  | Reached skill level 11 in Long Blades
  7676 | Abyss:2  | Reached XP level 10. HP: 71/84 MP: 6/9
  7678 | Abyss:2  | Noticed a large abomination
  7698 | Abyss:2  | Killed a large abomination
  7698 | Abyss:2  | Reached *** piety under Okawaru
  7772 | Abyss:2  | Noticed a large abomination
  7775 | Abyss:2  | Mangled by a large abomination

Skill      XL: |  1  2  3  4  5  6  7  8  9 10 |
---------------+-------------------------------+-----
Fighting       | 4 5 6 7 |  7.0
Shields        | 4 5 6 7 9 |  9.5
Armour         | 4 5 6 7 8 |  8.5
Long Blades    | 3 4 5 7 9 11 | 11.3
Dodging        | 1 2 3 |  3.6
Stealth        | |  0.9
Invocations    | |  0.3

Action                   |  1- 3 |  4- 6 |  7- 9 | 10-12 || total
-------------------------+-------+-------+-------+-------++-------
Melee: Long sword        |    61 |   237 |   386 |    25 ||   709
       Headbutt          |    10 |    49 |    73 |    10 ||   142
Invok: Heroism           |       |       |     2 |     2 ||     4
  Use: Scroll            |       |     5 |     6 |     2 ||    13
       Potion            |       |       |     1 |     3 ||     4
  Eat: Chunk             |       |    17 |    13 |       ||    30
Armor: Scale mail        |    34 |   118 |    23 |       ||   175
       Chain mail        |       |       |    68 |       ||    68
       Plate armour      |       |       |   117 |     6 ||   123
Dodge: Dodged            |    19 |    72 |    99 |     5 ||   195
Block: Shield            |    30 |   109 |   229 |     7 ||   375
       Rpst.: Long sword |     6 |    17 |    35 |     1 ||    59
